 Dungeon Crawl Stone Soup version 0.30.0-3-ga4e48a9924 (webtiles) character file.

Game seed: 12532137833279635987

18343 zazu2006 the Slicer (level 12, -22/92 HPs)
             Began as a Gnoll Wanderer on May 8, 2023.
             Was an Elder of Vehumet.
             Killed from afar by a wretched star (29 damage)
             ... with a lance of force
             ... on level 3 of the Abyss.
             The game lasted 00:46:14 (14665 turns).

zazu2006 the Slicer (Gnoll Wanderer)               Turns: 14665, Time: 00:46:15

Health: -22/92     AC: 16    Str: 11    XL:     12   Next: 57%
Magic:  22/24      EV: 29    Int: 14    God:    Vehumet [****..]
Gold:   1259       SH:  0    Dex: 15    Spells: 16/27 levels left

rFire   . . .        g - +2 short sword (drain)
rCold   . . .        (no shield)
rNeg    . . .        m - +2 ring mail {rPois}
rPois   +            j - +2 hat
rElec   .            I - +1 cloak
rCorr   .            (no gloves)
SInv    .            b - +0 pair of boots
Will    .....        H - amulet of the acrobat
Stlth   +++          h - ring of wizardry
HPRegen 0.00/turn    u - ring of poison resistance
MPRegen 0.19/turn

%: acrobat, wizardry (x1)
@: about to teleport, acrobatic, sick
A: fangs 1, strong nose, distributed training, horns 1, iridescent scales 1,
MP-powered wands
a: Renounce Religion


You were on level 3 of the Abyss.
You worshipped Vehumet.
Vehumet was greatly pleased with you.
You visited 3 branches of the dungeon, and saw 13 of its levels.
You visited the Abyss 1 time.

You collected 1279 gold pieces.
You spent 20 gold pieces at shops.

Inventory:

Hand Weapons
 g - a +2 short sword of draining (weapon)
 l - a +4 dagger
 t - a +2 long sword of holy wrath
 J - the +6 hammer "Geomaruo" {heavy, Int+3}
   (You found it on level 7 of the Dungeon)

   Int:       It affects your intelligence (+3).
 Q - a +3 long sword of freezing
Missiles
 i - 38 stones
Armour
 b - a +0 pair of boots (worn)
 j - a +2 hat (worn)
 m - a +2 ring mail of poison resistance (worn)
 p - a +0 troll leather armour
 I - a +1 cloak (worn)
Jewellery
 f - a ring of ice
 h - a ring of wizardry (left hand)
 u - a ring of poison resistance (right hand)
 v - a ring of protection from fire
 H - an amulet of the acrobat (around neck)
Wands
 A - a wand of iceblast (4)
 B - a wand of charming (7)
 E - a wand of digging (5)
 G - a wand of mindburst (47)
 M - a wand of flame (33)
Scrolls
 a - a scroll of poison
 c - 4 scrolls of vulnerability
 e - 4 scrolls of fog
 k - 2 scrolls of enchant weapon
 o - a scroll of silence {unknown}
 r - a scroll of amnesia {unknown}
 y - a scroll of immolation
 z - 5 scrolls of enchant armour {unknown}
 L - a scroll of magic mapping {unknown}
 N - a scroll of torment {unknown}
 P - a scroll of acquirement {unknown}
Potions
 d - 2 potions of might
 n - a potion of magic
 q - 2 potions of haste
 s - 3 potions of brilliance
 x - 3 potions of flight
 F - a potion of cancellation {unknown}
 K - a potion of lignification {unknown}
 O - a potion of curing {unknown}


   Skills:
 + Level 7.7 Fighting
 + Level 11.4 Short Blades
 + Level 7.7 Long Blades
 + Level 7.7 Axes
 + Level 7.7 Maces & Flails
 + Level 7.7 Polearms
 + Level 7.7 Staves
 + Level 7.7 Ranged Weapons
 + Level 7.7 Throwing
 + Level 8.2 Armour
 + Level 8.2 Dodging
 + Level 8.8 Stealth
 + Level 7.7 Shields
 + Level 7.7 Unarmed Combat
 + Level 8.2 Spellcasting
 + Level 6.4 Conjurations
 + Level 6.4 Hexes
 + Level 6.8 Summonings
 + Level 6.4 Necromancy
 + Level 6.4 Translocations
 + Level 6.4 Transmutations
 + Level 6.4 Fire Magic
 + Level 6.4 Ice Magic
 + Level 6.4 Air Magic
 + Level 6.4 Earth Magic
 + Level 6.4 Poison Magic
 + Level 8.4 Invocations
 + Level 7.7 Evocations


You had 16 spell levels left.
You knew the following spells:

 Your Spells              Type           Power      Damage    Failure   Level
a - Summon Small Mammal   Summ           96%        N/A       1%          1
b - Stone Arrow           Conj/Erth      46%        3d9       1%          3
c - Poisonous Vapours     Pois/Air       46%        N/A       1%          2
d - Lee's Rapid Deconstr  Erth           11%        3d8*      6%          5

Your spell library contained the following spells:

 Spells                   Type           Power      Damage    Failure   Level
 Inner Flame              Hex/Fire       23%        N/A       1%          3
 Apportation              Tloc           46%        N/A       1%          1
 Necrotise                Necr           92%        1d8       1%          1
 Sandblast                Erth           46%        2d11      1%          1
 Sting                    Tmut/Pois      92%        1d7       1%          1
 Passwall                 Tmut/Erth      19%        N/A       1%          2
 Static Discharge         Conj/Air       46%        2-4/arc   1%          2
 Summon Guardian Golem    Hex/Summ       24%        N/A       1%          3
 Volatile Blastmotes      Fire/Tloc      46%        2d13      1%          3
 Portal Projectile        Hex/Tloc       46%        N/A       2%          3
 Tukima's Dance           Hex            23%        N/A       2%          3
 Airstrike                Air            11%        2d(2-18)  2%          4
 Fulminant Prism          Conj/Hex       11%        3d9       2%          4
 Iskenderun's Mystic Bla  Conj/Tloc      23%        2d6       2%          4
 Olgreb's Toxic Radiance  Pois           23%        N/A       2%          4
 Summon Lightning Spire   Summ/Air       24%        N/A       7%          4
 Animate Dead             Necr           23%        N/A       8%          4
 Blade Hands              Tmut           11%        N/A       21%         5
 Iron Shot                Conj/Erth      11%        9d3       28%         6
 Haunt                    Necr/Summ      12%        N/A       99%         7
 Infestation              Necr           11%        N/A       100%        8
 Lehudib's Crystal Spear  Conj/Erth      11%        10d4      100%        8


Dungeon Overview and Level Annotations

Branches:
Dungeon (10/15)            Temple (1/1) D:7             Orc (2/2) D:9
    Elf (0/3) Orc:2
   Lair: D:8-11

Altars:
Cheibriados
Gozag
Hepliaklqana
Makhleb
Nemelex Xobeh
Okawaru
Qazlal
Trog
Uskayaw
Vehumet
Xom
Yredelemnul

Shops:
D:9 (   Orc:2 *!:=


Innate Abilities, Weirdness & Mutations

You have very sharp teeth.
Your uncanny sense of smell can sniff out nearby items.
Your experience applies equally to all skills.
You have a pair of small horns on your head.
You are partially covered in iridescent scales. (AC +2)
You expend magic power (3 MP) to strengthen your wands.


Message History

The ynoxinul gestures.
The ufetubus attacks as you move away! The ufetubus completely misses you.
The ufetubus barely misses you. The ufetubus barely misses you.
The ufetubus closely misses you.
You miss the ufetubus. You headbutt the ufetubus.
The ufetubus is lightly wounded.
You hit the ufetubus. Your headbutt misses the ufetubus.
The ufetubus is severely wounded.
The ufetubus misses you. The ufetubus completely misses you.
As you read the scroll of teleportation, it crumbles to dust.
You feel strangely unstable.
You feel the power of the Abyss delaying your translocation!
The ufetubus misses you.
The ufetubus hits you but does no damage.
You barely miss the wretched star.
Unknown command.
Casting: Stone Arrow (safe; 1% risk of failure)
Confirm with . or Enter, or press ? or * to list all spells.
Aiming: Lee's Rapid Deconstruction (dangerous; 6% risk of failure)
Press: ? - help, Dir - move target A rock wall.
Okay, then.
Casting: Lee's Rapid Deconstruction (dangerous; 6% risk of failure)
Confirm with . or Enter, or press ? or * to list all spells.
Aiming: Stone Arrow (safe; 1% risk of failure)
Press: ? - help, Shift-Dir - straight line, f - wretched star
Aim: a wretched star (71% to hit)
The stone arrow hits the wretched star!
The wretched star is lightly damaged.
The wretched star glows turbulently.
The lance of force hits you!!
* * * LOW HITPOINT WARNING * * *
You are knocked back by the lance of force.
You slam into the rock wall!
* * * LOW HITPOINT WARNING * * *
The wretched star glows turbulently.
The lance of force misses you.
The wretched star glows turbulently.
The lance of force hits you!!
You die...

##.# . . #. ##.#
#####. . .
##*.#####..##.##
# ##355#...#.#
#.### # #.
##.#.#..## . .
## .
#.##.#.##*.#.#.#
### #
.....#####.#.##
.# ## .
#......#.#.# ##
#..###@#..#.#
#.#.....
..#.....#
.##.#.#### .. #
.# .. . .. ..#
.. #.#


You could see a wretched star.

Vanquished Creatures
  A tentacled starspawn (Abyss:2)
  3 two-headed ogres (D:9)
  6 orc high priests (Orc:2)
  3 orc sorcerers
  A smoke demon (Abyss:2)
  An ancient zyme (Abyss:2)
  A troll (Orc:2)
  2 hornets
  A shadow (Abyss:2)
  A wraith (D:10)
  10 yaks
  A wyvern (D:10)
  A steam dragon (D:10)
  Menkaure (D:7)
  13 wargs
  Edmund (D:4)
  2 water moccasins
  An ice beast (D:7)
  10 orc warriors
  2 black bears
  3 sky beasts
  2 ogres
  4 centaurs
  A phantom (D:6)
  A bullfrog (D:6)
  A gnoll sergeant (D:9)
  10 wights
  4 killer bees (D:9)
  2 howler monkeys (D:7)
  An electric eel (D:10)
  4 jellies
  4 hounds
  2 gnoll boudas
  37 orc priests
  Crazy Yiuf (D:7)
  Terence (D:2)
  5 iguanas
  15 orc wizards
  13 gnolls
  10 adders
  A shadow imp (D:6)
  A white imp (D:7)
  An ufetubus (D:6)
  A dart slug (D:2)
  81 orcs
  6 ball pythons
  5 bats
  13 endoplasms
  3 giant cockroaches
  7 goblins
  9 hobgoblins
  5 kobolds
  8 quokkas
  6 frilled lizards
  6 rats
336 creatures vanquished.

Vanquished Creatures (collateral kills)
  2 wargs (Orc:1)
  An orc warrior (Orc:1)
  3 wolves (Orc:1)
  An orc wizard (Orc:1)
  An orc (Orc:1)
8 creatures vanquished.

Vanquished Creatures (others)
  A lurking horror (Abyss:3)
  4 starspawn tentacles (Abyss:2)
5 creatures vanquished.

Grand Total: 349 creatures vanquished

Notes
Turn   | Place    | Note
-------+----------+-------------------------------------------
     0 | D:1      | zazu2006 the Gnoll Wanderer began the quest for the Orb.
     0 | D:1      | zazu2006 set off with the following items: a +2 short
                  | sword, a +0 pair of boots, a scroll of vulnerability, a +0
                  | robe; and the following spell memorised: Summon Small
                  | Mammal; and the following spells available to memorise:
                  | Summon Guardian Golem.
     0 | D:1      | Reached XP level 1. HP: 13/13 MP: 4/4
   111 | D:1      | Reached XP level 2. HP: 19/19 MP: 5/5
   372 | D:1      | Reached XP level 3. HP: 24/25 MP: 7/7
   730 | D:2      | Reached skill level 1 in Invocations
   823 | D:2      | Noticed Terence
   899 | D:2      | Killed Terence
   900 | D:2      | Reached skill level 1 in Fighting
   900 | D:2      | Reached skill level 1 in Long Blades
   900 | D:2      | Reached skill level 1 in Axes
   900 | D:2      | Reached skill level 1 in Maces & Flails
   900 | D:2      | Reached skill level 1 in Polearms
   900 | D:2      | Reached skill level 1 in Staves
   900 | D:2      | Reached skill level 1 in Ranged Weapons
   900 | D:2      | Reached skill level 1 in Throwing
   900 | D:2      | Reached skill level 1 in Shields
   900 | D:2      | Reached skill level 1 in Unarmed Combat
   900 | D:2      | Reached skill level 1 in Evocations
   900 | D:2      | Reached XP level 4. HP: 18/30 MP: 8/8
   999 | D:2      | Found a faded altar of an unknown god.
  1061 | D:2      | Reached skill level 1 in Conjurations
  1061 | D:2      | Reached skill level 1 in Hexes
  1061 | D:2      | Reached skill level 1 in Necromancy
  1061 | D:2      | Reached skill level 1 in Translocations
  1061 | D:2      | Reached skill level 1 in Transmutations
  1061 | D:2      | Reached skill level 1 in Fire Magic
  1061 | D:2      | Reached skill level 1 in Ice Magic
  1061 | D:2      | Reached skill level 1 in Air Magic
  1061 | D:2      | Reached skill level 1 in Earth Magic
  1061 | D:2      | Reached skill level 1 in Poison Magic
  1743 | D:3      | Reached XP level 5. HP: 37/37 MP: 9/9
  2115 | D:3      | Got the Codex of Stony Aeromancy
  2577 | D:4      | Reached XP level 6. HP: 40/44 MP: 8/11
  2611 | D:4      | Found a basalt altar of Yredelemnul.
  2634 | D:4      | Found a burning altar of Makhleb.
  2634 | D:4      | Found an opulent altar of Gozag.
  2635 | D:4      | Found a hide-covered altar of Uskayaw.
  2635 | D:4      | Found a bloodstained altar of Trog.
  2636 | D:4      | Found an iron altar of Okawaru.
  2637 | D:4      | Found a sparkling altar of Nemelex Xobeh.
  2910 | D:4      | Noticed Edmund
  2946 | D:4      | Killed Edmund
  2947 | D:4      | Reached XP level 7. HP: 28/51 MP: 12/12
  3456 | D:5      | Entered Level 5 of the Dungeon
  4279 | D:6      | Reached skill level 9 in Short Blades
  4279 | D:6      | Reached skill level 5 in Stealth
  4429 | D:6      | Found a hazy altar of Hepliaklqana.
  4694 | D:6      | Reached XP level 8. HP: 58/58 MP: 14/14
  5816 | D:7      | Found a runed translucent door.
  5817 | D:7      | Noticed Crazy Yiuf
  5829 | D:7      | Killed Crazy Yiuf
  5839 | D:7      | Identified the +6 hammer "Geomaruo" {heavy, Int+3}
  5916 | D:7      | Reached XP level 9. HP: 43/65 MP: 16/16
  5944 | D:7      | Noticed Menkaure
  5959 | D:7      | Killed Menkaure
  5960 | D:7      | Reached skill level 5 in Spellcasting
  6240 | D:7      | Found a staircase to the Ecumenical Temple.
  6248 | Temple   | Entered the Ecumenical Temple
  6253 | Temple   | Became a worshipper of Vehumet
  6258 | Temple   | Learned a level 3 spell: Stone Arrow
  6270 | D:7      | Learned a level 2 spell: Poisonous Vapours
  6303 | D:7      | Reached skill level 5 in Armour
  6303 | D:7      | Reached skill level 5 in Dodging
  6640 | D:8      | Reached skill level 5 in Invocations
  7101 | D:8      | Noticed a hornet
  7106 | D:8      | Paralysed by a hornet for 1 turns
  7110 | D:8      | Killed a hornet
  7255 | D:8      | Reached skill level 5 in Fighting
  7255 | D:8      | Reached skill level 5 in Long Blades
  7255 | D:8      | Reached skill level 5 in Axes
  7255 | D:8      | Reached skill level 5 in Maces & Flails
  7255 | D:8      | Reached skill level 5 in Polearms
  7255 | D:8      | Reached skill level 5 in Staves
  7255 | D:8      | Reached skill level 5 in Ranged Weapons
  7255 | D:8      | Reached skill level 5 in Throwing
  7255 | D:8      | Reached skill level 5 in Shields
  7255 | D:8      | Reached skill level 5 in Unarmed Combat
  7255 | D:8      | Reached skill level 5 in Evocations
  7255 | D:8      | Reached XP level 10. HP: 47/74 MP: 10/18
  7543 | D:9      | Noticed a two-headed ogre
  7558 | D:9      | Found Lajele's Weapon Boutique.
  7562 | D:9      | Killed a two-headed ogre
  7563 | D:9      | Reached skill level 10 in Short Blades
  7663 | D:9      | Noticed a two-headed ogre
  7675 | D:9      | Killed a two-headed ogre
  7676 | D:9      | Reached skill level 5 in Summonings
  7784 | D:9      | Noticed a two-headed ogre
  7794 | D:9      | Killed a two-headed ogre
  8184 | D:9      | Reached * piety under Vehumet
  8184 | D:9      | Offered knowledge of Freeze by Vehumet.
  8427 | D:9      | Found a staircase to the Orcish Mines.
  8865 | D:9      | Reached skill level 5 in Conjurations
  8865 | D:9      | Reached skill level 5 in Hexes
  8865 | D:9      | Reached skill level 5 in Necromancy
  8865 | D:9      | Reached skill level 5 in Translocations
  8865 | D:9      | Reached skill level 5 in Transmutations
  8865 | D:9      | Reached skill level 5 in Fire Magic
  8865 | D:9      | Reached skill level 5 in Ice Magic
  8865 | D:9      | Reached skill level 5 in Air Magic
  8865 | D:9      | Reached skill level 5 in Earth Magic
  8865 | D:9      | Reached skill level 5 in Poison Magic
  8865 | D:9      | Reached XP level 11. HP: 78/81 MP: 1/21
  9153 | Orc:1    | Entered Level 1 of the Orcish Mines
  9392 | Orc:1    | Offered knowledge of Kiss of Death by Vehumet.
  9398 | Orc:1    | Reached ** piety under Vehumet
  9878 | Orc:1    | Noticed an orc sorcerer
  9895 | Orc:1    | Killed an orc sorcerer
 10348 | Orc:1    | Offered knowledge of Frozen Ramparts by Vehumet.
 10354 | Orc:1    | HP: 2/83 [orc warrior/+0 trident (11)]
 10394 | Orc:1    | Reached *** piety under Vehumet
 10925 | Orc:2    | Entered Level 2 of the Orcish Mines
 10931 | Orc:2    | Found a staircase to the Elven Halls.
 11003 | Orc:2    | Noticed an orc sorcerer
 11009 | Orc:2    | Killed an orc sorcerer
 11320 | Orc:2    | Noticed an orc high priest
 11328 | Orc:2    | Noticed a sixfirhy
 11573 | Orc:2    | Noticed a sun demon
 11574 | Orc:2    | Killed an orc high priest
 11853 | Orc:2    | Offered knowledge of Ignite Poison by Vehumet.
 11964 | Orc:2    | Noticed an orc high priest
 11976 | Orc:2    | Killed an orc high priest
 11977 | Orc:2    | Reached skill level 11 in Short Blades
 11977 | Orc:2    | Noticed an orc high priest
 12334 | Orc:2    | Noticed an orc high priest
 12352 | Orc:2    | Killed an orc high priest
 12514 | Orc:2    | Noticed an orc high priest
 12524 | Orc:2    | Killed an orc high priest
 12525 | Orc:2    | Reached XP level 12. HP: 53/91 MP: 14/23
 12817 | Orc:2    | Reached **** piety under Vehumet
 12837 | Orc:2    | Offered knowledge of Inner Flame by Vehumet.
 13019 | Orc:2    | Found Oloseih's General Store.
 13019 | Orc:2    | Found Jeybbic's Distillery.
 13019 | Orc:2    | Noticed an orc high priest
 13038 | Orc:2    | Killed an orc high priest
 13075 | Orc:2    | Bought a scroll of identify for 20 gold pieces
 13266 | Orc:2    | Found Edineu's Book Emporium.
 13266 | Orc:2    | Found Luruwky's Jewellery Shop.
 13285 | Orc:2    | Killed an orc high priest
 13664 | D:10     | Entered Level 10 of the Dungeon
 13827 | D:10     | Learned a level 5 spell: Lee's Rapid Deconstruction
 14338 | Abyss:2  | Cast into level 2 of the Abyss (a wizard)
 14388 | Abyss:2  | Noticed a tentacled starspawn
 14409 | Abyss:2  | Killed a tentacled starspawn
 14556 | Abyss:3  | Noticed a tentacled starspawn
 14580 | Abyss:3  | Gained mutation: You are partially covered in iridescent
                  | scales. (AC +2) [potion of mutation]
 14580 | Abyss:3  | Gained mutation: You have a pair of small horns on your
                  | head. [potion of mutation]
 14580 | Abyss:3  | Gained mutation: You expend magic power (3 MP) to
                  | strengthen your wands. [potion of mutation]
 14647 | Abyss:3  | Noticed a wretched star
 14665 | Abyss:3  | Killed from afar by a wretched star

Illustrated notes

Levels and vault maps discovered:
D:1:      evilmike_arrival_crescent, layout_rooms
D:2:      layout_loops_cross, chequers_ecumenical_altar_simple,
          corexii_hall_statues_i, minmay_stone_trees_small, uniq_terence
D:3:      layout_basic, minmay_pentangle
D:4:      layout_loops_ring, lemuel_round_altar, grunt_temple_overflow_open,
          uniq_edmund
D:5:      layout_cave_pods
D:6:      layout_layer_cave, kennysheep_little_box, dk_noncrumbling_4
D:7:      layout_basic, minmay_temple_entry_mini_moons, grunt_ministairs_1,
          corexii_hall_statues_t, uniq_menkaure, uniq_crazy_yiuf_cottage
D:8:      layout_basic
D:9:      layout_cave_pools, hiddenorc1_lemuel, serial_shops, shop
D:10:     layout_basic, laboratory
Temple:   zaba_magenta_temple
Orc:1:    layout_diamond_mine, mines5_lemuel
Orc:2:    st_orc_town, layout_caves
Abyss:3:  base: D:1, evilmike_abyss_exit_5, guppyfry_abyss_exit_imp_island,
          evilmike_abyss_exit_chaos, minivault_28

Skill      XL: |  1  2  3  4  5  6  7  8  9 10 11 12 |
---------------+-------------------------------------+-----
Summonings     | 2 3 4 5 6 |  6.8
Invocations    | 1 2 3 4 5 6 7 8 |  8.4
Fighting       | 1 2 3 5 6 7 |  7.7
Long Blades    | 1 2 3 5 6 7 |  7.7
Axes           | 1 2 3 5 6 7 |  7.7
Maces & Flails | 1 2 3 5 6 7 |  7.7
Polearms       | 1 2 3 5 6 7 |  7.7
Staves         | 1 2 3 5 6 7 |  7.7
Ranged Weapons | 1 2 3 5 6 7 |  7.7
Throwing       | 1 2 3 5 6 7 |  7.7
Shields        | 1 2 3 5 6 7 |  7.7
Unarmed Combat | 1 2 3 5 6 7 |  7.7
Spellcasting   | 3 4 5 6 7 8 |  8.2
Evocations     | 1 2 3 5 6 7 |  7.7
Conjurations   | 1 2 3 4 5 6 |  6.4
Hexes          | 1 2 3 4 5 6 |  6.4
Necromancy     | 1 2 3 4 5 6 |  6.4
Translocations | 1 2 3 4 5 6 |  6.4
Transmutations | 1 2 3 4 5 6 |  6.4
Fire Magic     | 1 2 3 4 5 6 |  6.4
Ice Magic      | 1 2 3 4 5 6 |  6.4
Air Magic      | 1 2 3 4 5 6 |  6.4
Earth Magic    | 1 2 3 4 5 6 |  6.4
Poison Magic   | 1 2 3 4 5 6 |  6.4
Armour         | 3 4 5 6 7 8 |  8.2
Dodging        | 3 4 5 6 7 8 |  8.2
Short Blades   | 9 10 11 | 11.4
Stealth        | 5 6 7 8 |  8.8

Action                     |  1- 3 |  4- 6 |  7- 9 | 10-12 || total
---------------------------+-------+-------+-------+-------++-------
  Melee: Short sword       |   112 |   114 |   361 |   579 ||  1166
         Bite              |     7 |    40 |    49 |    82 ||   178
         Dagger            |       |   203 |    16 |       ||   219
         Punch             |       |     4 |     7 |    34 ||    45
         Headbutt          |       |       |       |     1 ||     1
   Cast: Summon Small Mamm |       |     3 |     2 |     5 ||    10
         Poisonous Vapours |       |       |    16 |   130 ||   146
         Stone Arrow       |       |       |    12 |   141 ||   153
  Evoke: Wand              |       |       |       |     8 ||     8
    Use: Scroll            |     2 |       |     4 |     6 ||    12
         Potion            |       |       |     4 |     6 ||    10
   Stab: Sleeping          |     3 |     2 |     4 |     3 ||    12
 Armour: Robe              |    14 |       |       |       ||    14
         Scale mail        |     6 |    35 |       |       ||    41
         Ring mail         |       |    41 |   146 |   178 ||   365
  Dodge: Dodged            |    42 |    77 |   173 |   392 ||   684
